Map: Central Protocol

Players

AoSa - Winner!

  • Race: Zerg Zerg

Cross

  • Race: Terran Terran

VOD

Have the link to the VOD?

Description

Time

  • Played on: Nov. 17, 2015, 3:14 a.m.
  • Length: 10:08
Show
View Real Time Build Order
Export as new Build Order

AoSa Zerg - Winner!

Build Orders: Pool First 

Get SALT Encoding   

  12  0:01  Drone  
  13  0:16  Overlord  
  13  0:20  Drone  
  14  0:35  Drone x2  
  16  0:39  Drone  
  17  0:49  Drone  
  18  1:01  Drone  
  19  1:11  Drone  
  19  1:16  Spawning Pool  
  19  1:17  Hatchery  
  18  1:22  Drone  
  18  1:25  Extractor  
  18  1:33  Drone  
  19  1:44  Drone  
  20  2:01  Overlord  
  20  2:03  Queen  
  22  2:21  Drone x2  
  24  2:29  Queen  
  26  2:30  Drone  
  26  2:32  Overlord  
  27  2:43  Metabolic Boost  
  27  3:02  Drone x2  
  27  3:03  Drone  
  27  3:05  Queen  
  32  3:06  Zergling x6  
  32  3:11  Queen  
  37  3:14  Drone  
  37  3:15  Drone x2  
  40  3:26  Drone  
  41  3:29  Drone x2  
  43  3:35  Drone  
  43  3:37  Evolution Chamber x2  
  43  3:39  Drone x2  
  43  3:40  Overlord x2  
  44  3:58  Overlord x2, Extractor  
  44  4:02  Drone x2  
  45  4:10  Zerg Ground Armor Level 1, Zerg Melee Weapons Level 1  
  45  4:13  Drone  
  46  4:22  Zergling x2  
  46  4:23  Zergling x4  
  46  4:28  Drone  
  46  4:29  Drone x2  
  46  4:30  Zergling x4  
  51  4:39  Lair  
  51  4:41  Zergling x4  
  53  4:54  Zergling x4  
  53  4:58  Extractor  
  53  4:59  Extractor  
  53  5:00  Drone x4  
  53  5:05  Drone  
  58  5:07  Hatchery  
  57  5:24  Drone x2  
  59  5:49  Zergling x2  
  59  5:50  Zergling x18  
  56  6:03  Zergling x10  
  48  6:22  Zerg Ground Armor Level 2, Zerg Melee Weapons Level 2  
  46  6:41  Hatchery  
  40  6:55  Drone  
  40  6:56  Drone x2  
  42  7:15  Zergling x2  
  42  7:16  Zergling x12  
  48  7:23  Extractor x2  
  46  7:32  Infestation Pit  
  46  7:35  Zergling x2  
  46  7:36  Zergling x8  
  46  7:37  Queen  
  52  7:55  Drone  
  53  8:04  Zergling x2  
  53  8:05  Zergling x20  
  64  8:09  Hive  
  64  8:13  Zergling x2  
  65  8:22  Zergling x2  
  65  8:23  Zergling x4  
  68  8:36  Drone x4  
  68  8:37  Zergling x2  
  68  8:38  Zergling x4  
  75  8:44  Hatchery  
  74  8:50  Drone  
  75  9:15  Zergling x8  
  75  9:16  Zergling x4  
  72  9:33  Zergling x2  
  72  9:34  Ultralisk Cavern, Zergling x18  
  81  9:39  Overlord x3  
Show
View Real Time Build Order
Export as new Build Order

Cross Terran 

Build Orders: MMM Bio 

Get SALT Encoding   

  12  0:01  SCV  
  13  0:13  SCV  
  14  0:23  Supply Depot  
  14  0:25  SCV  
  15  0:44  SCV  
  15  0:46  Barracks  
  16  0:56  SCV  
  17  1:00  Supply Depot  
  17  1:08  SCV  
  17  1:10  Barracks  
  18  1:15  Refinery  
  18  1:21  SCV  
  19  1:34  SCV  
  19  1:35  Marine  
  21  1:47  Supply Depot  
  21  1:48  Orbital Command  
  21  2:00  Barracks Reactor  
  21  2:01  Marine  
  22  2:20  SCV  
  23  2:23  Barracks Reactor  
  23  2:36  SCV  
  24  2:39  Command Center  
  24  2:48  SCV, Marine x2  
  27  2:54  Supply Depot  
  27  3:00  SCV  
  27  3:12  SCV  
  28  3:14  Marine x4  
  28  3:16  Barracks  
  28  3:19  Refinery  
  32  3:24  Supply Depot, SCV  
  33  3:36  SCV  
  34  3:41  Marine x3  
  34  3:43  Marine  
  38  3:48  SCV  
  38  3:53  Orbital Command  
  39  4:00  SCV  
  40  4:03  Marine  
  40  4:04  Marine x3  
  40  4:05  Barracks Tech Lab  
  44  4:13  SCV  
  44  4:16  Factory  
  45  4:25  SCV  
  46  4:31  Marauder  
  46  4:32  Marine x4  
  46  4:33  Stimpack  
  46  4:35  SCV  
  46  4:37  SCV  
  54  4:40  Supply Depot  
  54  4:44  Supply Depot  
  54  4:57  SCV x2  
  56  5:09  SCV, Marauder, Marine x4  
  56  5:10  Starport  
  56  5:13  Supply Depot  
  63  5:23  SCV x2  
  65  5:31  Marauder, Marine x4  
  65  5:32  Barracks  
  71  5:38  Supply Depot  
  69  6:04  Marine  
  69  6:05  Marauder, Marine x3  
  69  6:06  SCV x2  
  63  6:22  Command Center, Marine  
  63  6:23  SCV x2, Marine x2  
  62  6:26  Medivac  
  64  6:32  Factory Reactor  
  64  6:35  Barracks Reactor  
  64  6:36  Combat Shields  
  52  6:55  SCV x2  
  52  7:01  Engineering Bay  
  54  7:03  Supply Depot  
  54  7:04  Supply Depot  
  54  7:05  Engineering Bay  
  48  7:21  SCV, Refinery  
  48  7:22  SCV, Refinery  
  50  7:24  Supply Depot  
  50  7:32  Marine  
  50  7:33  SCV, Marauder, Marine x5  
  50  7:34  SCV  
  50  7:36  Terran Infantry Weapons Level 1, Terran Infantry Armor Level 1  
  60  7:46  SCV x2  
  60  7:47  Barracks  
  62  7:51  Barracks  
  62  7:52  Barracks  
  62  7:58  SCV  
  63  7:59  Supply Depot  
  63  8:01  Supply Depot, Marauder, Marine x4  
  63  8:04  Concussive Shells  
  70  8:05  SCV  
  70  8:10  SCV, Orbital Command  
  71  8:17  SCV  
  71  8:18  Marine x3  
  71  8:19  Marine  
  76  8:21  Medivac  
  76  8:22  SCV, Marauder, Medivac  
  83  8:30  SCV  
  83  8:33  Missile Turret  
  84  8:34  SCV  
  84  8:37  Missile Turret  
  85  8:42  Supply Depot, SCV  
  85  8:47  Missile Turret  
  86  8:49  Missile Turret  
  86  8:50  SCV x2  
  86  8:51  Marauder  
  86  8:54  Supply Depot, Missile Turret, Barracks Reactor x3  
  90  8:56  SCV  
  90  9:00  Missile Turret  
  90  9:01  Armory  
  90  9:02  SCV  
  93  9:03  Supply Depot  
  93  9:08  SCV  
  78  9:22  Marauder, Marine x6  
  43  9:37  Marine x6  
  45  9:40  Marine  
  45  9:44  Marauder  
Tags
 
Composition
MMM Bio
Matchup
TvZ
Opening
Pool First
Add a new tag
Caveats
  • Supply blocks, unpowered buildings, or Contaminate may cause inaccurate times.
  • Supply counts are checked every 10 seconds.